 Dungeon Crawl Stone Soup version 0.18-b1-22-ge198996 (webtiles) character file.

715 Chiseanne the Magician (level 7, 46/46 HPs)
             Began as a Demonspawn Wizard on May 3, 2016.
             Was an Initiate of Gozag.
             Quit the game on level 5 of the Dungeon.
             The game lasted 00:12:43 (5146 turns).

Chiseanne the Magician (Demonspawn Wizard)          Turns: 5146, Time: 00:12:44

Health: 46/46      AC:  5    Str:  7    XL:     7   Next: 41%
Magic:  15/15      EV: 12    Int: 22    God:    Gozag
Gold:   322        SH:  2    Dex: 11    Spells: 4 memorised, 9 levels left

rFire  . . .     SeeInvis +     s - +1 falchion (slice)
rCold  . . .     Gourm    .     f - +0 robe
rNeg   . . .     Faith    .     (no shield)
rPois  .         Spirit   .     b - +1 hat
rElec  .         Dismiss  .     (no cloak)
rCorr  .         Reflect  .     (no gloves)
SustAt .         Harm     .     (no boots)
MR     .....                    (no amulet)
Stlth  ++........               (no ring)
                                (no ring)

@: gold aura, repel missiles, not resistant to hostile enchantments, unstealthy
A: antennae 1, large bone plates 1, see invisible, spiny 3
a: Potion Petition, Call Merchant, Bribe Branch, Renounce Religion


You were on level 5 of the Dungeon.
You worshipped Gozag.
Gozag was noncommittal.
You were full.

You visited 2 branches of the dungeon, and saw 6 of its levels.

You collected 389 gold pieces.
You paid 67 gold pieces to Gozag.

Inventory:

Hand Weapons
 a - a +1 whip of venom
 s - a +1 falchion of slicing (weapon)
Missiles
 i - 173 stones
 l - 14 sling bullets
 o - 8 silver javelins (quivered)
 q - 43 bolts
 u - 55 arrows
 v - 14 poisoned needles
 y - 8 tomahawks
Armour
 b - a +1 hat (worn)
 f - a +0 robe (worn)
 r - a +0 buckler
Wands
 k - a wand of iceblast (9/15)
 p - a wand of lightning (4/15)
Scrolls
 n - a scroll of recharging
Potions
 e - a potion of brilliance
 g - 2 potions of flight
 h - 4 potions of curing
 w - a potion of agility
 x - a potion of heal wounds {unknown}
Books
 c - a book of Minor Magic

   Spells                             Type                      Level
   a - Magic Dart                     Conjuration                  1
   b - Blink                          Translocation                2
   c - Call Imp                       Summoning                    2
   d - Repel Missiles                 Charms/Air                   2
   e - Slow                           Hexes                        2
   f - Conjure Flame                  Conjuration/Fire             3
   g - Mephitic Cloud                 Conjuration/Poison/Air       3
 m - a book of Misfortune

   Spells                             Type                      Level
   a - Confusing Touch                Hexes                        2
   b - Confuse                        Hexes                        3
   c - Gell's Gravitas                Hexes/Translocation          3
   d - Petrify                        Transmutation/Earth          4
   e - Metabolic Englaciation         Hexes/Ice                    5
   f - Yara's Violent Unravelling     Hexes/Transmutation          5
Comestibles
 d - 3 bread rations
 j - 4 beef jerkies


   Skills:
 - Level 1.7 Dodging
 - Level 1.7 Stealth
 * Level 5.9 Spellcasting
 * Level 5.9 Conjurations
   Level 1.0 Summonings
 - Level 0.8 Translocations


You had 9 spell levels left.
You knew the following spells:

 Your Spells              Type           Power        Failure   Level  Hunger
a - Magic Dart            Conj           ####         1%          1    None
b - Blink                 Tloc           N/A          12%         2    None
c - Repel Missiles        Chrm/Air       #.....       17%         2    None
d - Mephitic Cloud        Conj/Pois/Air  ###.....     14%         3    #......


Dungeon Overview and Level Annotations

Branches:
Dungeon (5/15)             Temple (1/1) D:4

Altars:
Ashenzari
Cheibriados
Dithmenos
Elyvilon
Fedhas
Gozag
Kikubaaqudgha
Nemelex Xobeh
Okawaru
Qazlal
Ru
Sif Muna
Yredelemnul
Zin
The Shining One

Shops:
D:5 *


Innate Abilities, Weirdness & Mutations

You have a pair of small antennae on your head.
You are partially covered in large bone plates (AC +2, SH +2).
You are completely covered in sharp spines.
You have supernaturally acute eyesight.


Message History

Really attack barehanded? [Y]es or [N]o only, please.
Really attack barehanded? [Y]es or [N]o only, please.
Really attack barehanded? [Y]es or [N]o only, please.
Really attack barehanded? [Y]es or [N]o only, please.
Really attack barehanded?
Okay, then.
Wield which item (- for none, * to show all)? (? for menu, Esc to quit)
s - a +1 falchion of slicing (weapon)
The ball python skeleton closely misses you.
You hit the ball python skeleton. The ball python skeleton misses you.
You barely miss the ball python skeleton.
The ball python skeleton is struck by your spines.
You destroy the ball python skeleton!
You now have 313 gold pieces (gained 8).
You now have 322 gold pieces (gained 9).
Are you sure you want to abandon this character and quit the game? (Confirm with "yes".)

.....#
#.#######+##..
#..... ######
#.#........# .
#...#. #
#.#........#
#...#. #
#.#........#
#.. #. #
#.#........# #.
#. #
#.#........# #.
# #.#........#
#. #
##.#........#
#. #
#..#......@.#
#. #
#..##'#######.#
####
#.............#
#<##
#......[######
#.#. #########
#.#. #... ####
####### #.....#


There were no monsters in sight!

Vanquished Creatures
  A giant frog (D:5)
  A scorpion (D:5)
  A howler monkey (D:5)
  A crimson imp (D:5)
  A quasit (D:5)
  A centaur zombie (D:5)
  5 orc priests (D:4)
  A hound (D:5)
  4 orc wizards
  A worker ant (D:4)
  2 hound skeletons
  4 adders
  A worm (D:4)
  3 dart slugs
  2 giant geckos
  20 orcs
  A ball python (D:2)
  5 bats
  A giant cockroach (D:1)
  10 goblins
  3 hobgoblins
  2 jackals (D:3)
  3 quokkas
  A ball python skeleton (D:5)
  A giant gecko zombie (D:5)
  3 giant newts
  10 kobolds
  6 rats
95 creatures vanquished.

Notes
Turn   | Place    | Note
--------------------------------------------------------------
     0 | D:1      | Chiseanne the Demonspawn Wizard began the quest for the Orb.
     0 | D:1      | Reached XP level 1. HP: 13/13 MP: 4/4
   434 | D:1      | Gained mutation: You are partially covered in sharp spines. [demonic ancestry]
   434 | D:1      | Reached XP level 2. HP: 19/19 MP: 4/6
  1242 | D:2      | Reached XP level 3. HP: 24/24 MP: 6/8
  1471 | D:2      | Found a sparkling altar of Nemelex Xobeh.
  1692 | D:2      | Learned a level 2 spell: Blink
  1695 | D:2      | Learned a level 2 spell: Repel Missiles
  1699 | D:2      | Learned a level 3 spell: Mephitic Cloud
  1729 | D:2      | Found a blossoming altar of Fedhas.
  2040 | D:3      | Gained mutation: You are partially covered in large bone plates (AC +2, SH +2). [demonic ancestry]
  2040 | D:3      | Reached XP level 4. HP: 27/30 MP: 1/9
  2356 | D:3      | Gained mutation: You are mostly covered in sharp spines. [demonic ancestry]
  2356 | D:3      | Reached XP level 5. HP: 35/35 MP: 8/11
  2609 | D:3      | Found a shattered altar of Ashenzari.
  3636 | D:4      | Gained mutation: You are completely covered in sharp spines. [demonic ancestry]
  3636 | D:4      | Reached XP level 6. HP: 26/41 MP: 7/13
  3653 | D:4      | Reached skill level 5 in Spellcasting
  4418 | D:4      | Found a staircase to the Ecumenical Temple.
  4421 | D:4      | Reached skill level 5 in Conjurations
  4433 | Temple   | Entered the Ecumenical Temple
  4527 | Temple   | Became a worshipper of Gozag Ym Sagoz the Greedy
  4676 | D:5      | Entered Level 5 of the Dungeon
  4756 | D:5      | Gained mutation: You have a pair of small antennae on your head. [demonic ancestry]
  4756 | D:5      | Reached XP level 7. HP: 46/46 MP: 15/15
  4816 | D:5      | Found a shadowy altar of Dithmenos.
  4977 | D:5      | Found an opulent altar of Gozag.
  4982 | D:5      | Found Gozag's Platinum Reserve.
  5057 | D:5      | Gained mutation: You have supernaturally acute eyesight. [potion of beneficial mutation]
  5146 | D:5      | Quit the game

Skill      XL: |  1  2  3  4  5  6 |
---------------+-------------------+-----
Conjurations   | 2 3 4 5 |  5.9
Spellcasting   | 4 5 |  5.9
Dodging        | |  1.7
Stealth        | |  1.7
Summonings     | |  1.0
Translocations | |  0.8

Action                   |  1- 3 |  4- 6 |  7- 9 || total
-------------------------+-------+-------+-------++-------
Melee: Short sword       |    21 |    48 |       ||    69
       Falchion          |       |     4 |     2 ||     6
       Whip              |       |     3 |    19 ||    22
Throw: Javelin           |     2 |     4 |       ||     6
 Cast: Magic Dart        |    74 |    70 |       ||   144
       Mephitic Cloud    |     2 |     5 |       ||     7
       Repel Missiles    |     1 |     1 |       ||     2
       Blink             |       |     1 |       ||     1
  Use: Scroll            |     6 |     5 |     2 ||    13
       Potion            |       |     1 |     1 ||     2
 Stab: Sleeping          |     1 |       |     2 ||     3
  Eat: Chunk             |     3 |     8 |       ||    11
       Fruit             |       |     6 |       ||     6
       Pizza             |       |     1 |       ||     1
       Beef jerky        |       |     1 |       ||     1
Armor: Robe              |     2 |     8 |     4 ||    14
Dodge: Dodged            |    14 |    32 |    12 ||    58
       Deflected         |     1 |     3 |       ||     4
Block: Other             |       |     2 |     1 ||     3
